 Dungeon Crawl Stone Soup version 0.27-a0-1140-g099f9bb0e8 (webtiles) character file.

Game seed: 18113813537102664263

85 jasper the Skirmisher (level 4, -2/38 HPs)
             Began as a Hill Orc Wanderer on May 8, 2021.
             Slain by a gnoll sergeant
             ... wielding a +0 trident
              (13 damage)
             ... on level 3 of the Dungeon.
             The game lasted 00:03:43 (2684 turns).

jasper the Skirmisher (Hill Orc Wanderer)           Turns: 2684, Time: 00:03:43

Health: -2/38      AC:  6    Str: 13    XL:     4   Next: 48%
Magic:  6/6        EV: 10    Int: 11    God:
Gold:   46         SH:  0    Dex: 13    Spells: 6/6 levels left

rFire    . . .     SeeInvis .   f - +3 dagger (venom)
rCold    . . .     Faith    .   (no shield)
rNeg     . . .     Spirit   .   b - +0 ring mail
rPois    .         Reflect  .   k - +0 helmet
rElec    .         Harm     .   (no cloak)
rCorr    .         Rampage  .   (no gloves)
Will     .....                  (no boots)
Stlth    +.........             (no amulet)
HPRegen  0.12/turn              (no ring)
MPRegen  0.10/turn              (no ring)

@: no status effects
A: no striking features
a: no special abilities


You were on level 3 of the Dungeon.
You visited 1 branch of the dungeon, and saw 3 of its levels.

You collected 46 gold pieces.

Inventory:

Hand Weapons
 a - a +2 spear
 f - a +3 dagger of venom (weapon)
Missiles
 h - 72 stones (quivered)
 i - 3 silver javelins
Armour
 b - a +0 ring mail (worn)
 k - a +0 helmet (worn)
Jewellery
 c - a +6 ring of intelligence
Scrolls
 d - 2 scrolls of identify
Potions
 e - a potion of curing
 g - a potion of cancellation
 j - a potion of brilliance


   Skills:
 + Level 3.3 Fighting
 + Level 2.2 Armour
 + Level 1.1 Dodging
 - Level 2.0 Shields
 + Level 1.7 Unarmed Combat
 - Level 1.5 Spellcasting
 - Level 2.0 Hexes
 - Level 1.0 Summonings
 - Level 1.0 Evocations


You had 6 spell levels left.
You didn't know any spells.
Your spell library was empty.

Dungeon Overview and Level Annotations

Branches:
Dungeon (3/15)

Altars:


Message History

You climb downwards.
There is a stone staircase leading up, spattered with blood here.
Found a bubbling red potion.
Things that are here:
a +0 scale mail; a +0 dagger A gnoll sergeant comes into view.
It is wielding a +0 trident.
A gnoll sergeant is nearby!
The gnoll sergeant shouts!
You hear a shout!
There is a stone staircase leading up, spattered with blood here.
You start waiting.
A gnoll sergeant is nearby!
Okay, then.
Okay, then.
Okay, then.
As you read the scroll labelled LIWERCHO GEFOPS, it crumbles to dust.
It is a scroll of enchant weapon.
Your +2 dagger of venom glows red for a moment.
Your +3 dagger of venom begins to drip with poison!
f - a +3 dagger of venom (weapon)
The gnoll sergeant hits you from afar with a +0 trident!
You take 7 damage, and have 31/38 hp.
A gnoll comes into view. It is wielding a +0 club.
The gnoll sergeant hits you with a +0 trident!
You see here a hobgoblin corpse.
You take 8 damage, and have 23/38 hp.
MASSIVE DAMAGE!!
The gnoll shouts!
You hit the gnoll sergeant.
The gnoll sergeant is lightly wounded.
The gnoll sergeant hits you with a +0 trident.
You take 6 damage, and have 17/38 hp.
You hit the gnoll sergeant but do no damage.
The gnoll sergeant is lightly wounded.
A gnoll comes into view. It is wielding a +0 flail.
The gnoll sergeant hits you with a +0 trident.
* * * LOW HITPOINT WARNING * * *
You take 6 damage, and have 11/38 hp.
The gnoll sergeant closely misses you.
There is a stone staircase leading up, spattered with blood here.
The gnoll sergeant hits you from afar with a +0 trident!
You die...

#.....!...#
#.........#
#.........#
#.........#
#......<..#
#.........##
#..........#
##.....[.#..#
##....@.##..#
######†# #..
#.gg..g#
####....#
...# ..# .# .


You could see a gnoll sergeant and a gnoll.

Vanquished Creatures
  A gnoll (D:3)
  An adder (D:2)
  3 dart slugs
  An orc (D:3)
  2 ball pythons (D:2)
  3 bats (D:1)
  An endoplasm (D:2)
  6 giant cockroaches (D:1)
  9 goblins
  4 hobgoblins
  4 jackals (D:1)
  2 quokkas (D:1)
  4 frilled lizards
  6 kobolds (D:1)
  9 rats
56 creatures vanquished.

Notes
Turn   | Place    | Note
-------+----------+-------------------------------------------
     0 | D:1      | jasper the Hill Orc Wanderer began the quest for the Orb.
     0 | D:1      | jasper set off with the following items: a +2 spear, a +0
                  | ring mail
     0 | D:1      | Reached XP level 1. HP: 18/18 MP: 3/3
   233 | D:1      | Reached XP level 2. HP: 21/24 MP: 4/4
   333 | D:1      | Found a faded altar of an unknown god.
   443 | D:1      | Reached skill level 1 in Unarmed Combat
   581 | D:1      | Reached XP level 3. HP: 25/30 MP: 5/5
  1011 | D:1      | Reached skill level 3 in Fighting
  1812 | D:2      | Reached skill level 1 in Dodging
  1821 | D:2      | Reached XP level 4. HP: 23/38 MP: 6/6
  2669 | D:3      | Noticed a gnoll sergeant
  2684 | D:3      | Slain by a gnoll sergeant

Illustrated notes

Levels and vault maps discovered:
D:1:      erik_arrival_blinker_ship, layout_basic, ebering_ecumenical_altar_box,
          minmay_curled_crystal, minmay_worlds_worst_comb
D:2:      layout_basic, minmay_fractal_squares_5
D:3:      layout_rooms, grunt_temple_overflow_open,
          wander_ebering_terrifying_dragon_lair

Skill      XL: |  1  2  3 |
---------------+----------+-----
Unarmed Combat | 1 |  1.7
Fighting       | 3 |  3.3
Armour         | 2 |  2.2
Dodging        | 1 |  1.1
Shields        | 2 |  2.0
Spellcasting   | |  1.5
Hexes          | |  2.0
Summonings     | |  1.0
Evocations     | |  1.0

Action                   |  1- 3 |  4- 6 || total
-------------------------+-------+-------++-------
Melee: Spear             |   150 |    30 ||   180
       Dagger            |       |     2 ||     2
  Use: Scroll            |     2 |     2 ||     4
Armor: Ring mail         |    59 |     9 ||    68
Dodge: Dodged            |    75 |    11 ||    86

Table legend: (Time is in decaauts)
 A = Elapsed time spent in this place.
 B = Non-inter-level travel time spent in this place.
 C = Inter-level travel time spent in this place.
 D = Time resting spent in this place.
 E = Time spent auto-exploring this place.
 F = Levels seen in this place.
 G = Mean time per level.
                   A        B        C        D        E       F      G
               +--------+--------+--------+--------+--------+-----+--------+
         Total |   2701 |   2655 |     46 |    199 |   2010 |   3 |  900.3 |
       Dungeon |   2701 |   2655 |     46 |    199 |   2010 |   3 |  900.3 |
               +--------+--------+--------+--------+--------+-----+--------+

Top non-repeatable levels by time:
     D:1: 1443 daAuts
     D:2: 1211 daAuts
     D:3: 46 daAuts
